 Dungeon Crawl Stone Soup version 0.28-a0-691-gad6df49e81 (webtiles) character file.

Game seed: 6534051372773688494

260 workbot the Cudgeller (level 6, -1/39 HPs)
             Began as a Gargoyle Fighter on Oct 21, 2021.
             Slain by Grinder (3 damage)
             ... on level 3 of the Dungeon.
             The game lasted 00:05:01 (2519 turns).

workbot the Cudgeller (Gargoyle Fighter)            Turns: 2519, Time: 00:05:01

Health: -1/39      AC: 11    Str: 22    XL:     6   Next: 17%
Magic:  6/6        EV:  7    Int:  8    God:
Gold:   95         SH:  8    Dex:  9    Spells: 5/5 levels left

rFire   . . .      SeeInvis .   a - +0 flail
rCold   . . .      Faith    .   e - +0 kite shield
rNeg    + . .      Spirit   .   b - +0 scale mail
rPois   ∞          Reflect  .   (no helmet)
rElec   +          Harm     .   (no cloak)
rCorr   .          Rampage  .   (no gloves)
Will    .....                   (no boots)
Stlth   ..........              (no amulet)
HPRegen 0.13/turn               (no ring)
MPRegen 0.10/turn               (no ring)

@: no status effects
A: sickness immunity, AC +4, negative energy resistance 1, electricity
resistance, torment resistance 1, petrification resistance
a: no special abilities


You were on level 3 of the Dungeon.
You visited 1 branch of the dungeon, and saw 3 of its levels.

You collected 95 gold pieces.

Inventory:

Hand Weapons
 a - a +0 flail (weapon)
Armour
 b - a +0 scale mail (worn)
 e - a +0 kite shield (worn)
Wands
 d - a wand of flame (16)
Scrolls
 f - a scroll of magic mapping {unknown}
 h - a scroll of amnesia {unknown}
 i - a scroll of enchant weapon {unknown}
 j - a scroll of identify {unknown}
 k - a scroll of teleportation {unknown}
Potions
 c - a potion of curing {unknown}
 g - a potion of attraction {unknown}


   Skills:
 * Level 4.6 Fighting
 + Level 4.7 Maces & Flails
 - Level 3.6 Armour
 - Level 4.1 Shields


You had 5 spell levels left.
You didn't know any spells.
Your spell library contained the following spells:

 Spells                   Type           Power      Damage    Failure   Level
 Animate Skeleton         Necr           0%         N/A       99%         1
 Death Channel            Necr           0%         N/A       100%        6
 Starburst                Conj/Fire      0%         6d3       100%        6


Dungeon Overview and Level Annotations

Branches:
Dungeon (3/15)

Altars:

Annotations:
D:3 Grinder


Innate Abilities, Weirdness & Mutations

You are immune to sickness and miasma.
Your stone body is resilient. (AC +4)
You are immune to poison.
You resist negative energy. (rN+)
You are resistant to electric shocks. (rElec)
You are resistant to unholy torment.
You are immune to petrification.


Message History

Hit: a) +0 flail
Press: ? - help, Dir - move target, f/p - Grinder
Aim: Grinder (heavily wounded, about 48% to evade your +0 flail)
You closely miss Grinder.
Grinder is heavily wounded.
Grinder hits you but does no damage. Grinder gestures at you.
You resist with significant effort.
Hit: a) +0 flail
Press: ? - help, Dir - move target, f/p - Grinder
Aim: Grinder (heavily wounded, about 48% to evade your +0 flail)
You closely miss Grinder.
Grinder is heavily wounded.
Grinder completely misses you.
Unknown command.
Hit: a) +0 flail
Press: ? - help, Dir - move target, f/p - Grinder
Aim: Grinder (heavily wounded, about 48% to evade your +0 flail)
You closely miss Grinder.
Grinder is heavily wounded.
Grinder hits you but does no damage. Grinder hits you.
You writhe in agony.
Unknown command.
Hit: a) +0 flail
Press: ? - help, Dir - move target, f/p - Grinder
Aim: Grinder (heavily wounded, about 48% to evade your +0 flail)
You closely miss Grinder.
Grinder is heavily wounded.
Grinder gestures at you. Pain shoots through your body!
* * * LOW HITPOINT WARNING * * *
Hit: a) +0 flail
Press: ? - help, Dir - move target, f/p - Grinder
Aim: Grinder (heavily wounded, about 48% to evade your +0 flail)
You hit Grinder but do no damage.
Grinder is heavily wounded.
Grinder says, "Don't move a muscle."
Grinder hits you.
* * * LOW HITPOINT WARNING * * *
You writhe in agony.
You die...

## ). #. #. #.
#. #.#.######
#.....5@.#
###.####........
#. #####.### #.
#. #. #. ##


You could see Grinder.

Vanquished Creatures
  Sigmund (D:2)
  4 gnolls (D:2)
  3 worms (D:2)
  A dart slug (D:1)
  8 endoplasms
  6 giant cockroaches
  2 goblins (D:1)
  7 hobgoblins
  A kobold (D:2)
  2 quokkas (D:1)
  4 ball pythons
  4 bats
  4 frilled lizards
  5 rats
52 creatures vanquished.

Notes
Turn   | Place    | Note
-------+----------+-------------------------------------------
     0 | D:1      | workbot the Gargoyle Fighter began the quest for the Orb.
     0 | D:1      | Reached XP level 1. HP: 14/14 MP: 1/1
   180 | D:1      | Reached XP level 2. HP: 15/19 MP: 2/2
   794 | D:1      | Reached XP level 3. HP: 23/24 MP: 3/3
  1168 | D:1      | Got the Volume of Lethal Evil
  1641 | D:2      | Noticed Sigmund
  1648 | D:2      | Killed Sigmund
  1649 | D:2      | Reached XP level 4. HP: 25/30 MP: 4/4
  1649 | D:2      | Reached XP level 5. HP: 29/34 MP: 5/5
  1780 | D:2      | Reached XP level 6. HP: 19/39 MP: 6/6
  2480 | D:3      | Noticed Grinder
  2482 | D:3      | Paralysed by Grinder for 7 turns
  2509 | D:3      | Paralysed by Grinder for 4 turns
  2519 | D:3      | Slain by Grinder

Illustrated notes

Levels and vault maps discovered:
D:1:      dpeg_arrival_rooms_b, layout_basic, minmay_tree_intersection
D:2:      layout_basic, hex_medium, uniq_sigmund
D:3:      layout_loops_ring, uniq_natasha, uniq_grinder

Skill      XL: |  1  2  3 |
---------------+----------+-----
Fighting       | 4 |  4.6
Maces & Flails | 4 |  4.7
Shields        | 4 |  4.1
Armour         | |  3.6

Action                   |  1- 3 |  4- 6 || total
-------------------------+-------+-------++-------
Melee: Flail             |   141 |    50 ||   191
Evoke: Wand              |       |     1 ||     1
  Use: Potion            |     1 |       ||     1
Armor: Scale mail        |   103 |    23 ||   126
Dodge: Dodged            |    68 |    21 ||    89
Block: Buckler           |     9 |       ||     9
       Kite shield       |    55 |    21 ||    76

Table legend: (Time is in decaauts)
 A = Elapsed time spent in this place.
 B = Non-inter-level travel time spent in this place.
 C = Inter-level travel time spent in this place.
 D = Time resting spent in this place.
 E = Time spent auto-exploring this place.
 F = Levels seen in this place.
 G = Mean time per level.
                   A        B        C        D        E       F      G
               +--------+--------+--------+--------+--------+-----+--------+
         Total |   2600 |   2538 |     62 |    561 |   1497 |   3 |  866.7 |
       Dungeon |   2600 |   2538 |     62 |    561 |   1497 |   3 |  866.7 |
               +--------+--------+--------+--------+--------+-----+--------+

Top non-repeatable levels by time:
     D:1: 1396 daAuts
     D:2: 1159 daAuts
     D:3: 45 daAuts
